 Dungeon Crawl Stone Soup version 0.28.0-53-g5a82cb258f (webtiles) character file.

Game seed: 10156184744060302221

33 styxcanada the Sneak (level 3, 0/18 HPs)
             Began as a Spriggan Brigand on July 10, 2022.
             Slain by a goblin
             ... wielding a +0 club
             ... led by Robin
              (4 damage)
             ... on level 2 of the Dungeon.
             The game lasted 00:06:40 (1252 turns).

styxcanada the Sneak (Spriggan Brigand)             Turns: 1252, Time: 00:06:41

Health: 0/18       AC:  3    Str:  7    XL:     3   Next: 12%
Magic:  4/4        EV: 16    Int: 12    God:
Gold:   36         SH:  0    Dex: 18    Spells: 2/2 levels left

rFire   . . .      SeeInvis +   a - +2 dagger
rCold   . . .      Faith    .   (no shield)
rNeg    . . .      Spirit   .   b - +0 robe
rPois   .          Reflect  .   (helmet restricted)
rElec   .          Harm     .   c - +0 cloak
rCorr   .          Rampage  .   (gloves unavailable)
Will    .....                   (boots unavailable)
Stlth   ++++......              (no amulet)
HPRegen 0.06/turn               (no ring)
MPRegen 0.09/turn               (no ring)

@: brilliant, very quick
A: very small, no large weapons, unfitting armour, see invisible, speed 3
a: no special abilities


You were on level 2 of the Dungeon.
You visited 1 branch of the dungeon, and saw 2 of its levels.

You collected 36 gold pieces.

Inventory:

Hand Weapons
 a - a +2 dagger (weapon)
Missiles
 d - 3 poisoned darts (quivered)
 e - 2 curare-tipped darts
 f - 27 stones
Armour
 b - a +0 robe (worn)
 c - a +0 cloak (worn)
Potions
 h - a potion of lignification {unknown}
 j - a potion of heal wounds {unknown}


   Skills:
 + Level 1.8 Fighting
 + Level 2.3 Short Blades
 + Level 2.0 Throwing
 + Level 1.4 Dodging
 + Level 7.1 Stealth


You had 2 spell levels left.
You didn't know any spells.
Your spell library was empty.

Dungeon Overview and Level Annotations

Branches:
Dungeon (2/15)

Altars:

Annotations:
D:2 Robin


Innate Abilities, Weirdness & Mutations

You are very small and have problems with some larger weapons.
You are too small for most types of armour.
You have supernaturally acute eyesight. (SInv)
You cover ground extremely quickly. (Speed+++)


Message History

You hear a shout!
Found a cloak.
Found a stone staircase leading up.
Robin throws the goblin at you!
You barely miss the goblin. The goblin closely misses you.
You closely miss the goblin. The goblin hits you with a +0 club.
* * * LOW HITPOINT WARNING * * *
You closely miss the goblin. Robin throws the goblin at you!
The goblin hits you but does no damage. The goblin misses you.
The goblin completely misses you.
Unknown command.
You hit the goblin.
The goblin is moderately wounded.
The goblin barely misses you. The goblin closely misses you.
The goblin misses you.
You hit the goblin.
The goblin is moderately wounded.
The goblin misses you. The goblin closely misses you.
The goblin completely misses you.
You closely miss the goblin.
The goblin is moderately wounded.
Robin says, "My goblins will feast on your bones."
The goblin closely misses you. The goblin hits you with a +0 club.
* * * LOW HITPOINT WARNING * * *
The goblin barely misses you.
You barely miss the goblin.
The goblin is moderately wounded.
The goblin completely misses you. The goblin hits you but does no damage.
The goblin misses you.
Unknown command.
You miss the goblin.
The goblin is moderately wounded.
The goblin misses you. The goblin hits you but does no damage.
The goblin barely misses you.
You hit the goblin.
The goblin is severely wounded.
The goblin hits you but does no damage. The goblin barely misses you.
It was a potion of brilliance.
You feel clever all of a sudden. The goblin hits you but does no damage.
The goblin hits you with a +0 club.
You die...

...>............. ###
.#....(..# #...#
[..####.......g.# #...#
##.............)###...##
....<...######..........
##...#.## #gg.)......
.....(..# #..g....[..
......gg### #g.###g..##
#@gg####..# #...#
###gggg#..###...##
####............
###...g......
#...>...... ###########
#


You could see Robin, 2 hobgoblins and 5 goblins.

Vanquished Creatures
  2 bats (D:1)
  An endoplasm (D:1)
  2 giant cockroaches
  4 hobgoblins (D:1)
  3 jackals (D:2)
  3 kobolds
  3 quokkas (D:1)
  A ball python (D:1)
  3 frilled lizards (D:1)
  5 goblins
27 creatures vanquished.

Notes
Turn   | Place    | Note
-------+----------+-------------------------------------------
     0 | D:1      | styxcanada the Spriggan Brigand began the quest for the
                  | Orb.
     0 | D:1      | Reached XP level 1. HP: 10/10 MP: 2/2
    24 | D:1      | Reached skill level 6 in Stealth
   182 | D:1      | Reached XP level 2. HP: 14/14 MP: 3/3
   272 | D:1      | Found a faded altar of an unknown god.
   578 | D:1      | Reached skill level 7 in Stealth
   800 | D:2      | Noticed Robin
   815 | D:2      | Reached XP level 3. HP: 9/18 MP: 4/4
  1252 | D:2      | Slain by a goblin

Illustrated notes

Levels and vault maps discovered:
D:1:      ebering_trefoil_3fold, layout_loops_ring, basic_ecumenical_altar,
          minmay_misc_feat_encased
D:2:      layout_rooms, kennysheep_boxes, uniq_robin

Skill      XL: |  1  2 |
---------------+-------+-----
Stealth        | 6 7 |  7.1
Fighting       | |  1.8
Short Blades   | |  2.3
Throwing       | |  2.0
Dodging        | |  1.4

Action                   || total
-------------------------++-------
Melee: Dagger            ||    87
Throw: Dart              ||     7
  Use: Scroll            ||     1
       Potion            ||     1
 Stab: Sleeping          ||     6
Armor: Robe              ||    22
Dodge: Dodged            ||    82
